[Event "44th Chess Olympiad Women 2022"]
[Site "Chennai"]
[Date "2022.07.30"]
[Round "2.2"]
[White "Atalik, Ekaterina"]
[Black "Muzychuk, Mariya"]
[Result "1-0"]
[WhiteElo "2422"]
[BlackElo "2540"]
[Annotator "TA"]
[PlyCount "87"]
[EventDate "2022.??.??"]
[TimeControl "60"]

1. c4 c6 2. Nc3 d5 3. e3 Nf6 4. Nf3 e6 5. b3 Bd6 6. Bb2 O-O 7. d4 {[%emt 0:01:02] A11: English Opening: 1...c6.} Ne4 8. Nxe4 (8. Bd3 {feels hotter.} f5 9. O-O Nd7 10. Ne2) 8...
dxe4 9. Nd2 {[%emt 0:00:21] The position is equal.} f5 10. Qc2 Nd7 11. O-O-O Qe7 12. f3 exf3 13. gxf3 {[%emt 0:04:16] [#]} e5 $146 ({Predecessor:} 
13... Nf6 14. Bd3 Ba3 15. c5 Bxb2+ 16. Kxb2 Nd5 17. Rhe1 Nb4 18. Qc4 Nxd3+ 19.
Qxd3 e5 {1-0 (41) Prusikin,M (2450)-Schneider,H (2220) Dortmund 1997}) 14. Bd3 Nf6 15. Rde1 (15. c5 Bc7 $11
) (15. Bxf5 {is more complex.} Bxf5 16. Qxf5 Nd5 17. Qd3) 15... a5 16. Bxf5 (16. e4 $14 exd4 17. e5 Bxe5 18. f4)
16... Bxf5 $11 17. Qxf5 exd4 (17... Nd7 $5 18. Qe4 Ba3 $11) 18. exd4 Qc7 19. Rhg1 Rf7 20. d5 {[%emt 0:09:02] Bxf6 is the strong
threat.} Raf8 $2 (20... Bb4 $14) 21. Qe6 $1 $18 Kh8 22. Ne4 $1 Nxe4 23.
Rxe4 (23. fxe4 $6 Bxh2 24. Rg2 Re7 $14) ({But not} 23. Qxe4 $6
cxd5 24. Qxd5 Rd7 $16) 23... Bf4+ $2 (23... Bc5 24. Rg2 cxd5
25. Qxd5 Qd6 26. Qxd6 Bxd6) 24. Kb1 cxd5 {[%emt 0:00:14] [#]}
25. Qxd5 (25. Qxf7 $142 $3 Qxf7 26. Rxf4 $1) 25... Bh6 26. Be5 Qc8 27. Bd6 ({Don't play} 27. Qxa5 $6 Rxf3 28. Qc7 Qxc7 29. Bxc7 Kg8 $16) 27... Rf5 28. Qe6 Qxe6 29. Rxe6 Rd8 30. Be5 ({Better is} 30.
Rge1 $18 {Strongly threatening Re8+.} Kg8 31. Re8+ Rxe8 32. Rxe8+ Kf7 33. Re7+
Kf6 34. Rxb7) 30... Kg8 $16 31. f4 g6 32. Rg4 $1 Rd7 {[%emt 0:00:48] Against Re7}
33. Kc2 Rf8 34. h4 {[%emt 0:00:28] Threatens
to win with h5.} Rfd8 (34... Rf5 $16 {was necessary.} 35. Rb6
Kf7) 35. Rg2 Bg7 36. h5 gxh5 37. f5 {[%emt 0:00:23][%cal Yf4f5,Yf5f6] aiming for f6.} Kf8 38. f6 $36 {[%emt 0:00:06] White is in control. White is much
more active.} Bh6 {[%emt 0:00:16] [#]} 39. Bc3 {[%emt 0:00:19] Prevents Rd2+.
And now f7 would win.} Kf7 $2 {[%emt 0:01:02] [#]} (39... Re8 $16 {was worth a
try.} 40. Rb6 Re4) 40. Re5 $1 $18 Bf4 $2 (
40... Rg8 41. Rxg8 Kxg8 42. Rxh5 Bf4 43. Rxa5 (43. Bxa5 h6 $18) 43... Kf7) 41.
Rg7+ {[%emt 0:31:06] White is clearly winning.} Kf8 42. Ree7 Rd1 43. Rxh7 (43. Bxa5 $142
b6 44. Ref7+ Ke8 45. Bb4 R8d2+ 46. Bxd2 Rxd2+ 47. Kc3 Rxa2 48. Rb7) 43... Rg1 44. Reg7 {[%emt 0:00:00] Weighted Error Value: White=0.18 
(very precise) /Black=0.38} 1-0

[Event "44th Chess Olympiad Women 2022"]
[Site "Chennai"]
[Date "2022.07.30"]
[Round "2.2"]
[White "Okuyaz, Duru"]
[Black "Buksa, Nataliya"]
[Result "0-1"]
[WhiteElo "2090"]
[BlackElo "2401"]
[Annotator "TA"]
[PlyCount "144"]
[EventDate "2022.??.??"]
[TimeControl "60"]

1. e4 {[%emt 0:00:03] Gershon,A} c5 2. Nf3 Nc6 3. Bb5 g6 4. O-O Bg7 5. Re1 Nf6 6. Bxc6 dxc6 7. d3 O-O 8. h3 Ne8 {[%emt 0:08:34] B31: Sicilian: 2...
Nc6 3 Bb5 g6.} 9. e5 Nc7 10. a4 a5 {[%emt 0:00:56] The position is equal.} 11. Be3 b6 12. Nbd2 Nd5 13. Ne4 h6 14. Bd2 {[%emt 0:18:47] [#]} Be6 $146 (14... f5 $5 15. Ng3 Qd7 $11) ({Predecessor:} 
14... Kh7 15. Ng3 f5 16. Qe2 Qe8 17. Rad1 f4 18. Ne4 g5 19. c4 Nc7 20. Bc3 Ne6
{1-0 (60) Peng,X (2574)-Bu,X (2465) Shenyang 1999 CBM 073 [Gershon,A]}) 15. c3 Nc7 16. Qc2 c4 17. dxc4 Bxc4 18. Rad1 Qc8 19. b3 Be6 20. c4 c5 21. Qc1 (21. Nh4 $14) 21... Kh7 $1 $11 22. Nc3 Qb7 (22... Rd8 $11) 23. Bf4 {[%emt 0:00:00] [#]} (23. Re4
$14 Bf5 24. Rh4) 23... Bxh3 $1 $15 24. Nd5 $1 Be6 25. Ne3 (25. Nxe7 $11 Rae8
26. Ng5+ hxg5 27. Bxg5) 25... Rad8 $17 26. Kh2 Qa8 27. Rxd8 Rxd8 28. Rh1 Kg8 29. Kg1 (29.
Rd1 $142) 29... h5 30. Ng5 {[%emt 0:00:00] Against Qe4} (30.
Kh2 $17 {might work better.}) 30... Qc6 31. Qc2 (31. Kh2 $142) 31... Bc8 32. f3 Kf8 33. Bg3 Ne6 34. Ne4 Nd4 35. Qb2 Nf5 36.
Nd5 Nxg3 37. Nxg3 Qe6 38. f4 Bb7 39. Ne3 Qd7 40. Ngf1 Qd3 41.
Rh3 Qe4 42. Qf2 Rd3 {
[%emt 0:00:26] Prevents Nd5.} 43. f5 Kg8 44.
e6 fxe6 45. fxg6 Qxg6 46. Qf4 {[%emt 0:03:26] Qb8+ is the strong threat.} e5 47. Qf2 Be4 {[%emt 0:03:40]
Inhibits Nf5. Strongly threatening ...Bh6.} ({Much less strong is} 47... Rxb3 {
[#]} 48. Nf5 $1 Qxg2+ 49. Qxg2 Bxg2 50. Rxb3 $18) 48. Rg3 (48.
Qe2 $142) 48... Qf7 $19 49. Qe2 Kh7 $2 (49... Rxb3 $19 {is more deadly. aiming for ... Bg6.} 50. Nd2
Rb2) 50. Nd2 $2 {[%emt 0:00:48] Loses the game.} (50. Rh3 $17) 50... Bg6 51. Nf3 Qf4 52. Nf1 e4 53. Ng5+ Kh6 54. Ne6 Bd4+ 55. Nxd4 {[%emt 0:00:33]
And now Ne6 would win.} Rxg3 {[%emt 0:02:07] Chess con chili.} ({And not} 55...
cxd4 56. Rxd3 exd3 57. Qxe7 $17) 56. Ne6 Qd6 ({Inferior is} 56... Qc1 57. Qf2 h4 58. Qf8+ Kh5 59. Nf4+ Kg5 60. Nd5 $11) 57.
Nxg3 Qxe6 {[%emt 0:00:00] Endgame KQB-KQN} 58. Qe3+ Kh7 59. Ne2 Qf6 60.
Nf4 (60. Ng3 $142) 60... Qd4 61. Kf2 Bf7 62. Nh3 $2 (62. Ne2 Qf6+
63. Ke1) 62... Kg6 {[%emt 0:01:02] Black is clearly winning.} 63. Nf4+ Kf5 64. Ne2 Qxe3+ 65. Kxe3 {[%emt 0:00:02] KB-KN} h4 66. Nc3 Kg4 67. Ne2 Bg6 68.
Nf4 Bf5 {[%emt 0:00:00] Hoping for ...Kg3.} 69. Nd5 Kg3 70. Nxe7 Bh7 71.
Nd5 Kxg2 {[%emt 0:00:00] ( -> ...h3)} 72. Nf4+ Kf1 {[%emt 0:00:33] Weighted Error Value: White=0.39/Black=0.23 (precise)}
0-1

[Event "44th Chess Olympiad Women 2022"]
[Site "Chennai"]
[Date "2022.07.30"]
[Round "2.2"]
[White "Osmak, Yuliia"]
[Black "Kocyigit, Buse Naz"]
[Result "1-0"]
[WhiteElo "2420"]
[BlackElo "1991"]
[Annotator "TA"]
[PlyCount "67"]
[EventDate "2022.??.??"]
[TimeControl "60"]

1. d4 Nf6 2. c4 g6 3. Nc3 Bg7 4. e4 d6 5. Be2 O-O 6. Be3 Na6 7. Nf3 c5 8. O-O cxd4 9. Nxd4 Nc5 10. f3 Bd7 11. Rc1 {[%emt 0:04:35] A31: Symmetrical
English: 2 Nf3 Nf6 3 d4.} Rc8 12. b4 Ne6 13. Nb3 {[%emt 0:00:25] White is better.} b6 14. Qd2 Bc6 15. Rfd1 {
[%emt 0:07:43] [#]} a5 $146 ({Predecessor:} 15... Qc7 16. a4
Qb8 17. b5 Bd7 18. a5 Rfd8 19. axb6 axb6 20. Nd5 Nxd5 21. cxd5 Rxc1 22. Rxc1 {
0-1 (40) Kaczmarska,J (1980)-Kubicka,A (2168) Krakow 2019}) 16. Nd5 Nd7 17. bxa5 {[%emt 0:02:18] 0x0.00168076112ddp-1022s
more active pieces.} Nec5 $2 {[%emt 0:14:57] [#] A mistake that costs the game.
} (17... bxa5 $16 18. Nxa5 (18. Qxa5 Re8 $14) 18... Ba4) 18. Nxb6 $18 Nxb6 19. Nxc5 ({Less strong is} 19.
axb6 Qxb6 20. Rb1 Qa6 $14) 19... Na4 20. Nb3 f5 21. exf5 Rxf5 22. c5 d5 23. f4 e5 (23... Nb2 {was necessary.} 24. Bg4 Rf7 25. Bxc8 Qxc8) 24. Bg4 exf4 25. Bd4 Qg5 26. Bxf5 Qxf5 27. Bxg7 Kxg7 28. Nd4 Qg4 29.
Nxc6 Rxc6 30. Qd4+ Rf6 31. Qxa4 Qe2 32. Re1 Qd2 33. Rcd1 Qc3 34. Qd4 {[%emt 0:00:21] Weighted Error Value: White=0.13 (very precise) /
Black=1.10} 1-0

[Event "44th Chess Olympiad Women 2022"]
[Site "Chennai"]
[Date "2022.07.30"]
[Round "2.2"]
[White "Ushenina, Anna"]
[Black "Aydin, Gulenay"]
[Result "1-0"]
[WhiteElo "2423"]
[BlackElo "2100"]
[Annotator "TA"]
[PlyCount "103"]
[EventDate "2022.??.??"]
[TimeControl "60"]

1. e4 c5 2. Nf3 d6 3. Bb5+ Bd7 4. Bxd7+ Qxd7 5. c4 Nc6 6. Nc3 g6 7. d4 cxd4 8. Nxd4 Bg7 9. Be3 Nf6 10. f3 O-O 11.
O-O Rac8 12. b3 Qd8 {
[%emt 0:11:46] B52: Sicilian: Moscow Variation with 3...Bd7.} 13. Rc1 Qa5 14. Qd2 Rfd8 {[%emt 0:03:24]
White has an edge.} 15. Rfd1 a6 16. Nxc6 {
[%emt 0:18:53] [#]} Rxc6 $146 ({Predecessor:} 16... bxc6 17.
Qf2 Nd7 18. Na4 c5 19. Kh1 Ne5 20. Bd2 Qc7 21. Bc3 {½-½ (21) Semianiuk,K 
(2102)-Benidze,G (1965) Maribor 2012}) 17. a4 Nd7 18. Nd5 Qxd2 19. Bxd2 Kf8 20. Bg5 Nf6 21. Nxf6 {
[%emt 0:09:16] White is more active.} Bxf6 22. Bxf6 exf6 $14 {[%emt 0:00:02] Endgame KRR-KRR} 23. Rd5 Ke7 24. Rcd1 Rb8 25. Kf2 h5 26. Ke3 Rbc8 27. h4 Rb6 28. R1d3 Rbc6 29. Kf4 Rh8 30. Ke3 (30. a5 $16) 30... Ke6 (30... Rhc8 $1 $11) 31.
Kd4 Ke7 32. Rd1 Rb6 33. Kc3 Rc6 34. Rh1 Rc5 35. Kd4 Rxd5+ 36. exd5 $16 {[%emt 0:00:49] KR-KR} ({Of course not} 36. cxd5 Rc8 $11) 36...
Kd7 {[%emt 0:00:34] [#]} 37. Re1 (37. a5 $1 $16) 37... Rc8 (37... a5 $1 $14) 38. a5 Rb8 39. b4 b6 $2 {[%emt 0:00:30] [#] This move loses the game for
Black.} (39... g5 $16) 40. axb6 $1 $18 Rxb6 41. Kc3 {[%emt 0:30:48] Threatens to win with Ra1.} f5 $2 (
41... Rb8 42. Ra1 Ra8) 42. Ra1 Kc7 43. c5 dxc5 44. bxc5 Rb5 45. Kc4 Kb7 46. Re1 {[%emt 0:00:00]
White threatens Re7+ and mate.} Rb2 47. Re7+ Kc8 48. d6 {[%emt 0:00:00] c6 would kill now.} Rd2 49. Rxf7 {[%emt 0:00:00] Strongly threatening Ra7.} Kd8 50. Ra7 Rxg2 51. c6 Rc2+ 52. Kd5 {[%emt 0:00:00] Weighted Error Value:
White=0.11 (very precise) /Black=0.54} 1-0

[Event "44th Chess Olympiad Women 2022"]
[Site "Chennai"]
[Date "2022.07.30"]
[Round "2.3"]
[White "Baginskaite, Kamile"]
[Black "Javakhishvili, Lela"]
[Result "1/2-1/2"]
[WhiteElo "2134"]
[BlackElo "2476"]
[Annotator "TA"]
[PlyCount "81"]
[EventDate "2022.??.??"]
[TimeControl "60"]

1. d4 g6 2. Nf3 Bg7 3. c4 c5 4. d5 Nf6 5. Nc3 O-O 6. e4 e6 7. Be2 exd5 8. exd5 d6 9. O-O Re8 10. h3 Bf5 11. Bd3 {[%emt 0:04:41] aiming for Bxf5. E91: King's Indian: Classical: 6
Be2, unusual replies including 6...c5 and 6...Bg4.} Qd7 {[%emt 0:10:30] [#]}
12. Bxf5 $146 ({Predecessor:} 12. Qc2 Bxh3 13. gxh3 Qxh3 14.
Nh2 Nh5 15. Ne2 Qh4 16. Kg2 Nd7 17. f4 b5 18. Rf3 bxc4 19. Bxc4 {½-½ (57)
Czerw,D (2286)-Karolczuk,I (2118) Ustron 2020}) 12... Qxf5 13.
Nb5 {[%emt 0:00:05] White is slightly better.} (13. Qb3 $5 )
13... Qd7 14. Bf4 Ne4 15.
Qb3 a6 16. Nc3 b5 17. Rfe1 Bxc3 18. bxc3 Qf5 $1 19. Bh2 Nd7 20.
cxb5 axb5 21. Qxb5 Nxc3 22. Qc6 Rec8 ({Don't take} 
22... Nxd5 23. Nh4 Qh5 24. Rxe8+ (24. Qxd7 Nf6 $16) 24... Rxe8 25. Qxd7 $16)
23. Qxd6 {[%emt 0:00:59] Strongly threatening Ne5.} Qxd5 (
23... Nxd5 $2 24. Nh4 Qh5 25. Qxd7 $18) 24. Red1 Qxd6 25. Rxd6 Nf8 26. Rd2 f6 27. Rc2 Nd5 28. Rac1 Ne6 29.
Bd6 Rc6 30. Bg3 ({Don't blunder} 30. Bxc5 $2 Rac8 31. g3 Kf7 $19) 30... Nb4 {[%emt 0:01:20]
[%csl Ya2,Yc2] Pair of Knights!} 31. Rc4 {[%emt 0:01:12][%cal Yc4b4] [#] And
now Rxb4! would win.} Nxa2 32. Rb1 Rca6 33. Rb7 R8a7 (33... Nb4 $17)
34. Rxa7 $1 $11 Rxa7 35. Nd2 f5 36. Nb3 Ra6 37. f3 ({Wrong is} 37. Nxc5 $2 Rc6 38. Rc2 Rxc5 $19) 37... Rc6 38. Be1 {[%emt 0:01:38] Against Nb4} Rc7 39.
Ba5 Ra7 40. Nxc5 Kf7 41. Nxe6 {[%emt 0:04:09] Weighted Error Value: White=0.07 
(flawless) /Black=0.08 (flawless)} 1/2-1/2

[Event "44th Chess Olympiad Women 2022"]
[Site "Chennai"]
[Date "2022.07.30"]
[Round "2.3"]
[White "Melia, Salome"]
[Black "Zaksaite, Salomeja"]
[Result "1-0"]
[WhiteElo "2384"]
[BlackElo "2212"]
[Annotator "TA"]
[PlyCount "84"]
[EventDate "2022.??.??"]
[TimeControl "60"]

1. e4 c5 2. Nf3 e6 3. d4 cxd4 4. Nxd4 Nf6 5. Nc3 Nc6 6. a3 Be7 7. Nxc6 {[%emt 0:01:02] B45:
Sicilian Four Knights.} dxc6 8. Qxd8+ Bxd8 9. e5 {[%emt 0:01:03] White is slightly better.} Ng4 10. f4 $1 Bb6 11. Ne4 {[%emt 0:16:57]
Against Nf2} (11. Be2 $5 h5 12. Ne4 $14) 11... f5 12. exf6 Nxf6 13. Nxf6+ (13. Nd6+ $16 Ke7 14. Nc4) 13... gxf6 $11 14. Bd2 Bd7 {[%emt 0:05:01] [#]} 15. O-O-O $146 ({Predecessor:} 
15. Bc3 Ke7 16. g3 Rad8 17. O-O-O Be8 18. Rxd8 Bxd8 19. Bb4+ Kf7 20. Bc4 f5 21.
Re1 {1-0 (56) Babiy,O (2333)-Rakhmangulova,A (2219) Konya 2018}) 15... O-O-O 16. Be2 h5 17. Rhf1 h4 18. Bc3 Rh6 19.
Kb1 Bc7 20. Bd2 Rg6 21. Bf3 e5 22. fxe5 Bxe5 23. h3 {[%emt 0:00:30] Against Bg4} Be6 24. Ba5 {[%emt 0:05:22][%csl Ga5][%cal Rd1d8] [#]} b6 25. Rxd8+ Kxd8 26. Be1 Bc4 27. Rh1 Bg3 (27... Bd5 $1 $11
{remains equal.}) 28. Bxc6 $16 Kc7 29. Bf3 Kd6 (29... Bb5 $142) 30. Bb4+ Ke6 31. Rd1 {[%emt 0:01:40] Prevents Bd5.} Rg5 32. Bc3 Rg7 33. b3 Ba6 34. Bd5+ Kf5 35. Bf3 (35. a4 $142) 35... Ke6 $1 36. Bg4+ Rxg4 (36... Kf7 $16 37. Rd7+ Kg6) 37. hxg4 {[%emt 0:
00:00] Endgame KRB-KB} Be2 (37... Bb5 {might work better.} 38.
Be1 Ke5 39. Bc3+ Ke6) 38. Rd4 $18 {[%emt 0:02:02] [#] Strongly threatening
Re4+.} Bf1 39. Rd2 Bd6 $2 (
39... Ba6 40. Bd4 Be1) 40. Rf2 {[%emt 0:00:28][%csl Yf1,Yf6] White is clearly
winning.} Bxg2 41. Rxg2 h3 42. Rf2 Kd5 {[%emt 0:04:03] Weighted Error Value: White=0.11 
(very precise) /Black=0.21 (precise)} 1-0

[Event "44th Chess Olympiad Women 2022"]
[Site "Chennai"]
[Date "2022.07.30"]
[Round "2.3"]
[White "Simkunaite, Gabija"]
[Black "Arabidze, Meri"]
[Result "1-0"]
[WhiteElo "2010"]
[BlackElo "2426"]
[Annotator "TA"]
[PlyCount "129"]
[EventDate "2022.??.??"]
[TimeControl "60"]

1. e4 c5 2.
Nf3 e6 3. g3 Nc6 4. Bg2 Nf6 5. Qe2 e5 6. O-O {[%emt 0:08:00] B40: Sicilian: 2...e6, Unusual lines.}
Be7 7. c3 O-O 8.
Rd1 {[%emt 0:05:51] The position is equal.} d6 9. d4 cxd4 ({Resist} 9... Bg4 10. dxc5 Qc7 11. cxd6 Bxd6 12.
Bg5 $16) 10. cxd4 Bg4 {[%emt 0:00:28] Hoping for ...Nxd4.} 11.
dxe5 Nxe5 12. Nc3 {[%emt 0:05:16] [#]} Qa5
$146 ({Predecessor:} 12... Rc8 13. Bf4 Qa5 14. h3 Nxf3+ 15.
Bxf3 Bxh3 16. Bxd6 Bxd6 17. Rxd6 Rfe8 18. Rad1 a6 {1-0 (36) Bachmann,A (2632)
-Aguiar Cunha,L (2390) Chess.com INT 2016}) 13. Bf4 ({Better
is} 13. h3 $16 Nxf3+ 14. Bxf3 Bxf3 15. Qxf3) 13... Rfe8 14.
Nd5 Rac8 15. h3 Nxd5 (15... Bxf3 {seems wilder.} 16. Bxf3 Nxd5 17. Rxd5 Nxf3+ 18.
Qxf3 Qb4) 16. Rxd5 Bxf3 (16... Nxf3+ {
is more complex.} 17. Kh1 Rc5 18. hxg4 Rxd5 19. exd5 Ne5) 17. Bxf3 (17. Rxa5 $2 {loses.} Bxe2 18. Rxa7 Ba6 $19) 17... Nxf3+ 18. Qxf3 Qb4 19. Rd2 Bf6 20. Rad1 Bxb2 21. Bxd6 Qc3 22. Qg4 Bc1 23. Rd5 {[%emt 0:01:21][%cal Yd6e5] Black must now prevent Be5!
} Qf6 {[%emt 0:05:23] [#] Inhibits Be5.} ({Black should play} 23... Qc2 $14)
24. Be5 $1 $18 Qg5 25. Qd7 f5 26. Qxb7 {[%emt 0:02:22][%cal Yd5d7] Intending Rd7! and
mate.} Qe7 27. Qxe7 Rxe7 28.
exf5 Ba3 29. f6 gxf6 30. Bxf6 Rec7 31. Rd7 Rxd7 $2 (31... a5 {was called for.} 32. Bd8
Rxd7 33. Rxd7 Rc1+ 34. Kg2 a4) 32. Rxd7 {[%emt 0:00:01] Endgame KRB-KRB} Rc1+ 33. Kg2 Rc2 34. Bd4 a5 35. Rg7+ Kf8 36.
Rxh7 Rxa2 37. Rc7 Ke8 38. Bc5 {[%emt 0:01:26] Prevents Be7.} Bc1 39.
Re7+ Kd8 40. Re1 Bh6 41. Bd4 a4 42. g4 Bg5 43. Kg3 Ra3+ 44.
f3 Rd3 45. Bb6+ Kd7 46. h4 Bf6 {[%emt 0:00:00] aiming for ...a3.}
47. g5 Bb2 48. Bc5 a3 {
[%emt 0:03:29] [#]} 49. Bxa3 Rxa3 {[%emt 0:01:15] KRB-KR} (
49... Bxa3 50. h5) 50. h5 $2 (50. Re4 $18) 50... Ra8 $2 (50... Ra1 $14 51. Rxa1 Bxa1) 51. f4 Re8 52. Rb1 ({Inferior is} 52. Rxe8 Kxe8 53. h6
Kf7 $11) 52... Re2 53. Kf3 Rh2 54. Kg4 Ke6 55. Re1+ Kf7 56. h6 Ba3 $2 (56...
Rg2+ 57. Kf5 Rd2) 57. Kf5 {[%emt 0:01:37] Strongly threatening g6+.} Bf8 58. Re6 (58. g6+ $142 Kg8 59. h7+ Kg7 60. Re8
Rh5+ 61. Kg4 Rh6 62. f5 Rh1 {[#]} 63. Rxf8 $1 Kxf8 64. f6 Rg1+ 65. Kf4) 58...
Rh4 59. Ra6 Kg8 60. Rc6 (60. Ra8 $142 Kf7 61. g6+ Ke7 62. g7 Rh5+ 63. Ke4 Bxg7 64. hxg7
Kd6 65. g8=Q) 60... Kf7 61. Rc7+ {[%emt 0:00:27] White mates.}
Kg8 62. Rc8 Kf7 63. g6+ Kg8 64. g7 {[%emt 0:00:08]
Pin} Kh7 65. Rxf8 {[%emt 0:01:01] Weighted Error Value:
White=0.14 (very precise) / Black=0.44} 1-0

[Event "44th Chess Olympiad Women 2022"]
[Site "Chennai"]
[Date "2022.07.30"]
[Round "2.4"]
[White "Kiolbasa, Oliwia"]
[Black "Berke, Ana"]
[Result "1-0"]
[WhiteElo "2376"]
[BlackElo "2163"]
[Annotator "TA"]
[PlyCount "91"]
[EventDate "2022.??.??"]
[TimeControl "60"]

1. e4 c5 2. Nf3 d6 3. d4 cxd4 4. Nxd4 Nf6 5. Nc3 Nc6 6. Bg5 Bd7 7. Qd2 Rc8 8. O-O-O Nxd4 9. Qxd4 Qa5 10. f4 Rxc3 11. bxc3 e5 12. Qb4 $1 Qxb4 {[%emt 0:00:26] B61: Sicilian: Richter-Rauzer: 6...Bd7 7
Qd2.} 13. cxb4 Nxe4 14. Bh4 {[%emt 0:00:15]
Inhibits Nf2.} g5 {[%emt 0:05:27] White is better.} 15. fxg5 (
{Don't play} 15. Bxg5 $6 Nf2 16. Bd3 Nxh1 17. Rxh1 Be7 $11) 15... Be7 {[%emt 0:
04:41] [#]} 16. Bc4 $1 Be6 17. Bxe6 fxe6 18. Kb2 h6 {[%emt 0:06:25] [#]}
19. c4 $146 ({Predecessor:} 19. Rdf1 hxg5 20. Be1 d5 21. Rf3
g4 22. Ra3 a6 23. Rb3 Nd6 24. Rg3 Nc4+ 25. Kb3 {½-½ (62) Karamshoev,S (2062)
-Yunusov,M (1685) Dushanbe 2015}) 19... hxg5 20. Bg3 Bf6 21. Rhe1 Nxg3 22. hxg3 $16 {[%emt 0:00:06] Endgame KRR-KRB} Ke7 23. Rh1 Rg8 24. Rh7+ Bg7 (24... Rg7 {might work better.} 25. Rh8 e4+ 26. Kb3 Kd7) 25. a4 b6 26. a5 bxa5 27.
bxa5 Kd7 28. Kc2 {[%emt 0:04:02] aiming for
a6.} Ke7 (28... e4 {was necessary.} 29. Rf1 Ke8) 29. a6 $18 e4 (29... d5 {was worth a try.} 30. cxd5 Kf6)
30. g4 {[%emt 0:05:59] And now Rf1 would win.} e3 (30... d5 {
is a better defense.} 31. cxd5 Kd6 32. dxe6+ Kxe6) 31. Rd3 Kf6 32. Rxd6 ({Less strong is} 32. Rxe3 Rc8 $16)
32... Bf8 33. Rc6 Bb4 34.
Kd3 Bd2 35. Rxa7 Rd8+ 36. Ke2 Bc1 37. Rac7 Ke5 38. a7 Rf8 {[%emt 0:01:
58] [#]} 39. Rf7 $3 Rxf7 (39... Rd8 40. Re7)
40. a8=Q Rf2+ 41. Kd3 (41.
Kd1 $142 Bb2 42. Qb8+ Kf6 43. Qd8+ Kg6 44. Qe8+ Rf7 45. Rc7 Kf6 46. Rxf7+ Ke5
47. Kc2) 41... Rd2+ 42. Kc3 {[%emt 0:00:45] White wants to
mate with Qb8+.} e2 43. Qh8+ {[%emt 0:01:02] White mates.} Kf4 44. Qf6+ Kg3 45. Qf3+ Kh2 46. Rxe6 {[%emt 0:00:55] Weighted Error
Value: White=0.11 (very precise) /Black=0.79} 1-0

[Event "44th Chess Olympiad Women 2022"]
[Site "Chennai"]
[Date "2022.07.30"]
[Round "2.4"]
[White "Medic, Mirjana"]
[Black "Kashlinskaya, Alina"]
[Result "1/2-1/2"]
[WhiteElo "2194"]
[BlackElo "2505"]
[Annotator "TA"]
[PlyCount "85"]
[EventDate "2022.??.??"]
[TimeControl "60"]

1. d4 Nf6 2. Nf3 g6 3. c4 Bg7 4. g3 O-O 5. Bg2 d6 6. O-O Nc6 7. Nc3 e5 8. d5 Nb8 9. h3 a5 10. e4 Na6 11. Be3 Nd7 {[%emt 0:01:46] E62: King's Indian: Fianchetto:
6...c6 and Panno Variation (6...Nc6) without ...a6.} 12. Ne1 Nac5 13. Nd3 b6 14. Nxc5 {
[%emt 0:03:20] [#]} bxc5 $146 ({Predecessor:} 14... Nxc5 15.
a3 f5 16. f3 f4 17. Bxc5 bxc5 18. g4 h5 19. Kf2 Qh4+ 20. Ke2 Qg3 {½-½ (50)
Kulagina,S (2068)-Kirik,I (2146) Minsk 2003}) 15. Rc1 f5 16. exf5 gxf5 17. f4 exf4 18. Bxf4 Ne5 19. b3 Ng6 20. Bd2 Bd7 (20... a4 $5) 21. a4 Kh8 22. Ne2 {[%emt 0:03:44] Inhibits f4.} Rg8 23. Nf4 Nxf4 24. Bxf4 Rb8 25. Kh2 Qf6 26. Re1 Bh6 27. Bxh6 Qxh6 28. Qf3 {[%emt 0:00:27] Prevents f4.} Rg7 {[%emt 0:04:05] ...Rbg8 is
the strong threat.} 29. Qe3 (29. Rc2 $11) 29... Qg6 ({Better is} 29... f4 $1 $17 30. gxf4 Re8) 30. Rc3 $11 Qf6 31. Rd3 Rbg8
{[%emt 0:05:12][%cal Yf5f4] [#] Hoping for ...f4!} 32. Qf4 Qb2 33. Rde3 Qf6 34. R1e2 Rg6 35. Re7 R8g7 {[%emt 0:00:
00] The position is equal.} 36. Rxg7 Rxg7 37.
Qd2 Qg5 38. Qxg5 {[%emt 0:02:29] Active
counter play!} Rxg5 39. Re3 Kg8 40. Kg1 Kf7 41. Kf2 Kf6 42. Kf3 Rg8 43. Kf4 {
[%emt 0:01:10] Weighted Error Value: White=0.14 (very precise) /Black=0.12 
(very precise)} 1/2-1/2

[Event "44th Chess Olympiad Women 2022"]
[Site "Chennai"]
[Date "2022.07.30"]
[Round "2.4"]
[White "Rudzinska, Michalina"]
[Black "Ivekovic, Tihana"]
[Result "1-0"]
[WhiteElo "2315"]
[BlackElo "2082"]
[Annotator "TA"]
[PlyCount "87"]
[EventDate "2022.??.??"]
[TimeControl "60"]

1. e4 e6 2. d4 d5 3. e5 c5 4. c3 Ne7 5. Nf3 Nec6 6. Bd3 b6 7. Bg5 {[%emt 0:05:19] C02: French:
Advance Variation.} Be7 8. Bxe7 Qxe7 9. O-O {[%emt 0:00:11] The position is equal.} Ba6 10. Re1 Bxd3 11. Qxd3 O-O 12. Nbd2 Nd7 {[%emt 0:00:41] [#]} 13. h4
$146 ({Predecessor:} 13. a3 c4 14. Qc2 b5 15. h4 f6 16. exf6
Qxf6 17. Re2 e5 18. dxe5 Ndxe5 19. Ng5 {0-1 (29) Gundlach,F-Buchenau,F (2240)
Kassel 1993}) 13... Rfc8 14. a3 cxd4 15. cxd4 Rc7 16. Nb1 Na5 17. Nc3 a6 {[%emt 0:00:
00] Prevents Nb5.} 18. Rac1 {[%emt 0:01:15][%cal Yc3d5] Threatens to win with
Nxd5!} Qd8 19. Ng5 Nf8 20.
f4 Nc4 21. Re2 Rac8 22. g3 b5 23. Qf3 (23. Rec2 $15) 23... h6 $17 24. Nh3 f5 (24... Qe7 $17 {[%cal Yc4b2] ...Nxb2! is the strong threat.
} 25. Kh2 Nxb2 $1 26. Nxd5 (26. Rxb2 $2 Qxa3 27. Qg2 Rxc3 $19) 26... exd5 27.
Rxc7 Qxc7 28. Rxb2 Ne6 29. Qxd5 Qc3) 25. exf6 (25. Kg2 $15)
25... Qxf6 26. Qd3 Nd6 $1 27. Rd1 Nf5 28. Re5 g6 29. g4 (29. Ree1 $142)
29... Nxh4 30. Rf1 Nd7 31.
Re3 Rc4 32. Ne2 Nf8 (32... Rc2 $142 33. Nf2 Rxb2) 33. Rg3 Qg7 34. f5 (34. Qe3 $142) 34... g5 $1 35. Qe3 (35. Nf2 $17 {was necessary.}) 35... Re8 $4 (35... R8c7 $19 {avoids the disaster. Hoping for ... R4c6.} 36.
fxe6 Re7) 36. f6 $18 {[%emt 0:04:46] White has strong compensation.} Qf7 {
[%emt 0:00:06] [#]} 37. Nc1 $4 (37. Nxg5 $1 $18 hxg5 38. Qxg5+
Nhg6 39. Nf4) 37... Nhg6 38. Nd3 Nd7 39. b3 Rcc8 ({Better is} 
39... Rc3 $17 40. Nxg5 hxg5 41. Qxg5 Rec8) 40. Ne5 $2 {[%emt 0:01:39] [#]} (40.
Nxg5 $1 $11 {and White stays safe.} hxg5 41. Qxg5) 40... Ndxe5 $1 $19 41. dxe5 {[%emt 0:30:09][%cal Yh3g5] Strongly threatening Nxg5!} Rc6 $4
{[%emt 0:30:51] [#]} (41... Rc2 $19 42. Qd4 Rec8) 42. Nxg5 $1 $18 {[%emt 0:00:
00] White is clearly winning.} hxg5 (42... d4 43. Qe4) 43.
Qxg5 {[%emt 0:00:00] And now Rh3 would win.} Qa7+ 44. Rf2 {
[%emt 0:00:00] Weighted Error Value: White=0.45/Black=0.56} 1-0